 Dungeon Crawl Stone Soup version 0.32-a0-913-g739538afd8 (webtiles) character file.

Game seed: 12863259974876057491

60 Shayle the Apothecary (level 4, -2/32 HPs)
             Began as a Coglin Alchemist on Apr 8, 2024.
             Slain by a kobold brigand
             ... wielding a +0 short sword of flaming
              (8 damage)
             ... on level 4 of the Dungeon.
             The game lasted 00:06:59 (2106 turns).

Shayle the Apothecary (Coglin Alchemist)            Turns: 2106, Time: 00:06:59

Health: -2/32      AC:  2    Str:  8    XL:     4   Next: 6%
Magic:  4/7        EV: 11    Int: 17    God:
Gold:   90         SH:  0    Dex: 14    Spells: 6/7 levels left

rFire   . . .        k - +2 dagger (pain) {Udom}
rCold   . . .        j - +0 whip {Lisbeth}
rNeg    . . .        a - +0 robe
rPois   .            (no helmet)
rElec   .            (no cloak)
rCorr   .            (no gloves)
SInv    .            (no boots)
Will    .....        (amulet unavailable)
Stlth   +            (ring unavailable)
HPRegen 0.25/turn    (ring unavailable)
MPRegen 0.10/turn    (no gizmo)

%: no passive effects
@: confused, brilliant, ambrosia-drunk, attractive, revving
A: off-hand wielding, slow wielding, warmup strikes, no jewellery
a: Invent Gizmo


You were on level 4 of the Dungeon.
You visited 1 branch of the dungeon, and saw 4 of its levels.

You collected 90 gold pieces.

Inventory:

Hand Weapons
 f - a +0 dagger {Nozipho}
 j - a +0 whip (offhand) {Lisbeth}
 k - a +2 dagger of pain (weapon) {Udom}
 t - a +0 long sword
Missiles
 r - 3 boomerangs (quivered)
Armour
 a - a +0 robe (worn)
Scrolls
 d - a scroll of identify {unknown}
 l - a scroll of summoning {unknown}
 n - a scroll of brand weapon {unknown}
 o - a scroll of teleportation {unknown}
 q - a scroll of noise {unknown}
 s - 2 scrolls of fog {unknown}
Potions
 b - a potion of magic
 e - a potion of brilliance
 g - a potion of haste {unknown}
 h - a potion of lignification {unknown}
 i - a potion of attraction
 m - a potion of mutation {unknown}
 p - a potion of might {unknown}


   Skills:
 + Level 1.3 Fighting
 + Level 2.3 Dodging
 - Level 1.5 Stealth
 + Level 2.2 Spellcasting
 + Level 1.3 Conjurations
 + Level 1.0 Necromancy
 - Level 3.4 Alchemy


You had 6 spell levels left.
You knew the following spells:

 Your Spells              Type           Power      Damage    Failure   Level
a - Sting                 Conj/Alch      60%        1d6       7%          1

Your spell library contained the following spells:

 Spells                   Type           Power      Damage    Failure   Level
 Mercury Vapours          Alch/Air       22%        N/A       14%         2
 Mephitic Cloud           Conj/Alch/Air  11%        N/A       28%         3
 Olgreb's Toxic Radiance  Alch           20%        N/A       41%         4
 Sticky Flame             Fire/Alch      11%        2d5       67%         4


Dungeon Overview and Level Annotations

Branches:
Dungeon (4/15)
 Temple: D:4-7

Altars:
Xom

Shops:
D:1 !


Innate Abilities, Weirdness & Mutations

You can wield a second weapon in your off-hand.
It takes a long time for you to wield or remove held weapons.
Your first few attacks do less damage.
You cannot equip rings or amulets.


Message History

Aim: a kobold brigand, wielding a +0 short sword of flaming and quivering poisoned darts (moderately wounded, poisoned, 67% to hit)
You feel a surge of power!
The sting misses the kobold brigand.
You feel sick. The kobold brigand barely misses you.
Your magical contamination has completely faded away.
Casting: Sting (safe; 7% risk of failure)
Confirm with . or Enter, or press ? or * to list all spells.
Aiming: Sting (safe; 7% risk of failure)
Press: ? - help, Shift-Dir - straight line, f/p - kobold brigand
Aim: a kobold brigand, wielding a +0 short sword of flaming and quivering poisoned darts (moderately wounded, poisoned, 67% to hit)
You feel a surge of power!
The sting hits the kobold brigand.
The kobold brigand looks even sicker.
The kobold brigand is heavily wounded.
You feel sick. The kobold brigand closely misses you.
Casting: Sting (safe; 7% risk of failure)
Confirm with . or Enter, or press ? or * to list all spells.
Aiming: Sting (safe; 7% risk of failure)
Press: ? - help, Shift-Dir - straight line, f/p - kobold brigand
Aim: a kobold brigand, wielding a +0 short sword of flaming and quivering poisoned darts (severely wounded, very poisoned, 67% to hit)
You feel a surge of power!
The sting misses the kobold brigand.
You feel sick.
You are no longer poisoned.
The kobold brigand hits you with a +0 short sword of flaming.
* * * LOW HITPOINT WARNING * * *
The kobold brigand burns you.
* * * LOW HITPOINT WARNING * * *
Unknown command.
It was a potion of attraction.
You feel attractive to monsters.
The kobold brigand hits you with a +0 short sword of flaming.
* * * LOW HITPOINT WARNING * * *
The kobold brigand burns you.
* * * LOW HITPOINT WARNING * * *
You barely miss the kobold brigand with your +2 dagger of pain.
The kobold brigand is severely wounded.
You barely miss the kobold brigand with your +0 whip.
The kobold brigand closely misses you.
It was a potion of ambrosia.
You are confused.
You feel invigorated.
The kobold brigand hits you with a +0 short sword of flaming!
You die...

#.......................
#.......................
#....................?..
#.......................
#..........######.......
#######..........#
.......
.................#
.K.....
.................#
.......
................@#
.......
.......##'#####K##
.......
.......#.........#..#
?..#...
########..........K#
.............>....##
.................##
...........#####.g.
########...# ....
#...... ....#


You could see a kobold brigand (very poisoned).

Vanquished Creatures
  A hound (D:4)
  2 ribbon worms (D:2)
  An orc (D:3)
  2 endoplasms
  2 giant cockroaches (D:2)
  5 goblins
  3 hobgoblins (D:2)
  2 kobolds
  A quokka (D:1)
  A ball python (D:3)
  4 frilled lizards
  3 rats
27 creatures vanquished.

Notes
Turn   | Place    | Note
-------+----------+-------------------------------------------
     0 | D:1      | Shayle the Coglin Alchemist began the quest for the Orb.
     0 | D:1      | Reached XP level 1. HP: 13/13 MP: 3/3
   403 | D:1      | Reached XP level 2. HP: 20/20 MP: 1/4
   468 | D:1      | Found Xokot's Distillery.
   874 | D:2      | Reached skill level 1 in Conjurations
   918 | D:2      | Found a shimmering altar of Xom.
  1197 | D:2      | Reached skill level 1 in Fighting
  1244 | D:2      | Reached XP level 3. HP: 26/26 MP: 1/6
  1359 | D:2      | Found a faded altar of an unknown god.
  2014 | D:4      | Reached skill level 1 in Necromancy
  2014 | D:4      | Reached XP level 4. HP: 26/32 MP: 4/7
  2070 | D:4      | Noticed a kobold brigand
  2104 | D:4      | HP: 1/32 [kobold brigand/+0 short sword of flaming (1)]
  2106 | D:4      | Slain by a kobold brigand

Illustrated notes

Levels and vault maps discovered:
D:1:      ebering_trefoil_3fold, layout_basic, serial_shops,
          nicolae_shop_industrial_runoff, minmay_misc_feat_encased
D:2:      layout_basic, shapermc_ecumenical_altar_mp_ritualfount, basic_altar,
          minivault_4, nicolae_titane
D:3:      layout_rooms, mainiacjoe_overflow_surrounded_room,
          kennysheep_orc_chapel
D:4:      layout_gridville, lightli_temple_of_fire, minmay_temple_entry_waves,
          serial_shops, nicolae_square_shop

Skill      XL: |  1  2  3 |
---------------+----------+-----
Dodging        | 2 |  2.3
Spellcasting   | 2 |  2.2
Conjurations   | 1 |  1.3
Fighting       | 1 |  1.3
Necromancy     | 1 |  1.0
Stealth        | |  1.5
Alchemy        | |  3.4

Action                     |  1- 3 |  4- 6 || total
---------------------------+-------+-------++-------
  Melee: Unarmed           |     1 |       ||     1
         Dagger            |    31 |     1 ||    32
         Whip              |    24 |     2 ||    26
  Throw: Boomerang         |     3 |       ||     3
   Cast: Sting             |    31 |     7 ||    38
    Use: Potion            |       |     3 ||     3
   Stab: Sleeping          |     3 |       ||     3
 Armour: Robe              |    18 |     4 ||    22
  Dodge: Dodged            |    19 |     5 ||    24

Table legend: (Time is in decaauts)
 A = Elapsed time spent in this place.
 B = Non-inter-level travel time spent in this place.
 C = Inter-level travel time spent in this place.
 D = Time resting spent in this place.
 E = Time spent auto-exploring this place.
 F = Levels seen in this place.
 G = Mean time per level.
                   A        B        C        D        E       F      G
               +--------+--------+--------+--------+--------+-----+--------+
         Total |   2110 |   2020 |     90 |     78 |   1577 |   4 |  527.5 |
       Dungeon |   2110 |   2020 |     90 |     78 |   1577 |   4 |  527.5 |
               +--------+--------+--------+--------+--------+-----+--------+

Top non-repeatable levels by time:
     D:2: 1031 daAuts
     D:1: 854 daAuts
     D:4: 131 daAuts
     D:3: 93 daAuts
